[Event "Early-Titled-Tuesday-Blitz-April-02-2024"]
[Site "Chess.com"]
[Date "2024.04.02"]
[Round "5"]
[White "shirovin"]
[Black "arnash_bauyrzhan"]
[Result "0-1"]
[WhiteElo "2049"]
[BlackElo "2355"]
[TimeControl "180+1"]
[EndTime "8:57:29 PDT"]
[Termination "arnash_bauyrzhan won on time"]

1. d4 d5 2. Bf4 Nf6 3. Nc3 c6 4. e3 Bf5 5. Nf3 e6 6. Ne5 Bd6 7. g4 Bxe5 8. gxf5 Bxf4 9. exf4 exf5 10. Qf3 Ne4 11. O-O-O Qa5 12. Nxe4 fxe4 13. Qb3 Qb6 14. Qa3 Nd7 15. Rg1 g6 16. Bh3 f5 17. Bf1 O-O-O 18. h4 Nf6 19. Be2 Kb8 20. h5 Qc7 21. Qe3 gxh5 22.
Rg5 Ng4 23. Bxg4 hxg4 24. Rxf5 Rdf8 25. Re5 h5 26. f5 h4 27. Rg1 h3 28. Qg3 h2 29. Rh1 Rfg8 30. Rxh2 Rxh2 31. Qxh2 a6 32. f6 Ka7 33. Qh6 Qf7 34. Re7 Qg6 35. Qxg6 Rxg6 36. f7 Rf6 37. f8=Q Rxf8 38. Rg7 Rxf2 39. Rxg4 Rh2 40. b3 Kb6 41. a4 Ka5 42. Rg7 b5 43. axb5 axb5 44. Rc7 Kb6 45. Re7 Rg2 46. Re6 Re2 47.
Kd1 Rg2 48. Re7 Ka5 49. Re6 Kb6 50. Re7 b4 51. Re6 Kb7 52. Re7+ Kb6 53. Re6 Rg3 54. Re8 Rc3 55. Rb8+ Ka5 56. Ra8+ Kb5 57. Rb8+ Ka5 58. Ra8+ Kb6 59. Rb8+ Ka6 60. Rxb4 Rh3 61. Rb8 Rh4 62. Kd2 Rh2+ 63. Kc3 e3 64. Kd3 e2 65.
Kd2 Rh4 66. c3 Re4 67. Ke1 Ka5 68. Rb7 Re3 69. Rb8 Rxc3 70. Kxe2 Rc2+ 71. Kd3 Rb2 72. Kc3 Rb1 73. Rc8 Ka6 74. Ra8+ Kb7 75. Re8 Rc1+ 0-1

[Event "Early-Titled-Tuesday-Blitz-April-02-2024"]
[Site "Chess.com"]
[Date "2024.04.02"]
[Round "5"]
[White "MIss_MIaMI"]
[Black "ritanovikova"]
[Result "1-0"]
[WhiteElo "2370"]
[BlackElo "2130"]
[TimeControl "180+1"]
[EndTime "8:57:43 PDT"]
[Termination "MIss_MIaMI won on time"]

1. e4 d5 2. exd5 Qxd5 3. Nc3 Qd6 4. Nf3 Nf6 5. h3 c6 6. Be2 Bf5 7. O-O e6 8. d3 h6 9. Re1 Be7 10. Bf1 O-O 11. Bd2 Nbd7 12. Ne4 Nxe4 13. dxe4 Bg6 14.
Bc3 Nc5 15. Qxd6 Bxd6 16. Rad1 Rad8 17. Bb4 b6 18. e5 Be7 19. c3 a5 20. Ba3 Bc2 21.
Rc1 Bd3 22. Red1 Bxf1 23. Kxf1 Rfe8 24. Nd4 Rc8 25. f3 Kf8 26. Ke2 Nd7 27. Bxe7+ Kxe7 28. f4 f6 29. Nf3 Nc5 30. Ke3 Rcd8 31. b4 Na4 32.
Rxd8 Rxd8 33. Nd4 Rc8 34. bxa5 bxa5 35. Nb3 Ra8 36. c4 Nb6 37. Nd4 c5 38. Nb5 Rb8 39. exf6+ gxf6 40. Na3 Rd8 41. Nb5 Rb8 42. Na3 e5 43.
Rb1 Nxc4+ 44. Kd3 Rxb1 45. Nxb1 Nb6 46. fxe5 fxe5 47. Ke4 Ke6 48. Nd2 c4 49. Nf3 Nd7 50. g4 Nc5+ 51. Ke3 Kd5 52. Nh4 c3 53. Nf5 Kc4 54.
Nd6+ Kb4 55. Nf7 Nd7 56. Nxh6 Ka3 57. Kd3 Kb2 58. Nf5 c2 59. Ne3 c1=Q 60. Nc4+ Ka1 61. Nd2 Qd1 62. Ke3 e4 63. Nxe4 Qe1+ 64. Kf4 Qh4 65. Ng5 Qf2+ 66. Ke4 Qxa2 67. h4 Qe2+ 68. Kf5 Kb2 69. Ne4 Qf1+ 70. Ke6 Nb6 71. g5 a4 72.
g6 a3 73. g7 Qg2 74. Ng5 Qe4+ 75. Nxe4 a2 76. g8=Q a1=Q 77. Qg7+ Kb1 78. Qxa1+ Kxa1 79. h5 Nc8 80. h6 Nb6 81. h7 1-0

[Event "Early-Titled-Tuesday-Blitz-April-02-2024"]
[Site "Chess.com"]
[Date "2024.04.02"]
[Round "5"]
[White "bascheyaro"]
[Black "DenLaz"]
[Result "1/2-1/2"]
[WhiteElo "2808"]
[BlackElo "3104"]
[TimeControl "180+1"]
[EndTime "8:58:10 PDT"]
[Termination "Game drawn by repetition"]

1. d4 f5 2. Nf3 Nf6 3. c4 g6 4. Nc3 Bg7 5. g3 O-O 6. Bg2 d6 7. O-O c6 8. Qc2 Na6 9. Rd1 Qe8 10. d5 e5 11. dxe6 Bxe6 12. Nd2 Qe7 13. e3 Rad8 14. a3 d5 15. cxd5 Nxd5 16. Nxd5 Bxd5 17. Bxd5+ Rxd5 18. Nb3 Qe4 19. Qe2 Rfd8 20. Rxd5 Qxd5 21. Nd2 Nc5 22. Rb1 Nd3 23. Nf1 Ne5 24. e4 fxe4 25. Be3 a6 26. Nd2 Qd3 27. Kf1 Nf3 28. Qxd3 Rxd3 29. Nxe4 Rb3 30. Ke2 Nd4+ 31. Kd2 a5 32. Nc5 Rb5 33. b4 axb4 34. axb4 b6 35. Nd3 c5 36. Kc3 cxb4+ 37. Kc4 Ne2 38. Kxb5 Nc3+ 39. Kxb6 Nxb1 40. Nxb4 Nc3 41.
Kc5 Bf8+ 42. Kc4 Bxb4 43. Kxb4 Ne4 44. Kc4 Kf7 45. Kd5 Nf6+ 46. Kd4 Ke6 47. f3 Nd7 48. Bf4 Kf5 49. Ke3 Nb6 50. g4+ Ke6 51. Ke4 Nd5 52. Bg5 Nc3+ 53. Kd4 Nd5 54. h4 h5 55. Ke4 hxg4 56. fxg4 Nc3+ 57. Kf3 Nd5 58. Bd2 Kf7 59.
Ke4 Nf6+ 60. Kf4 Nd5+ 61. Kg5 Nf6 62. Bc1 Ne4+ 63. Kh6 Nf6 64. g5 Nh5 65. Bb2 Ng3 66. Be5 Nf5+ 67. Kh7 Nxh4 68. Bf6 Ke6 69. Kg7 Kf5 70. Kf7 Nf3 71. Bb2 Nxg5+ 72. Ke7 Ne6 73. Bf6 Nf4 74. Kf7 Nd5 75. Bd8 Ne3 76. Bh4 Ng2 77.
Bd8 Nf4 78. Be7 Ne6 79. Bf6 Nc7 80. Be7 Nb5 81. Kg7 Nd4 82. Kf7 Nf3 83. Bd8 Ne5+ 84.
Kg7 Nd7 85. Be7 Nb6 86. Kf7 Nd5 87. Bd8 Nf4 88. Bf6 Nh3 89. Be7 Ng5+ 90. Kg7 Ne6+ 91.
Kf7 Nd4 92. Bf6 Ne2 93. Be7 Ng1 94. Bd8 Nh3 95. Be7 Nf4 96. Bf6 1/2-1/2

[Event "Early-Titled-Tuesday-Blitz-April-02-2024"]
[Site "Chess.com"]
[Date "2024.04.02"]
[Round "5"]
[White "GodzillaChessYoutube"]
[Black "Bauman_Guy"]
[Result "1/2-1/2"]
[WhiteElo "2709"]
[BlackElo "2899"]
[TimeControl "180+1"]
[EndTime "8:58:16 PDT"]
[Termination "Game drawn - insufficient material"]

1. c4 e5 2. e3 Nf6 3. Nc3 g6 4. g3 Bg7 5. Bg2 O-O 6. Nge2 c6 7. d4 exd4 8. exd4 d6 9. h3 Re8 10. O-O Nbd7 11. Be3 Nb6 12. b3 d5 13. c5 Nbd7 14. Qd2 Nf8 15. b4 a6 16. Rfe1 Bf5 17. g4 Bd7 18.
Ng3 Qc8 19. Na4 Qd8 20. Nb6 Ra7 21. Rad1 a5 22. g5 Nh5 23. Nxh5 gxh5 24. bxa5 Bf5 25. Bf4 Ne6 26. Be3 f6 27. gxf6 Bxf6 28. Kh1 Kh8 29. Rg1 Rf8 30. Bf3 Bxh3 31. Bxh5 Bg7 32. Rg3 Qh4 33. Be2 Bf5+ 34. Kg1 Be4 35. Rg2 Bxg2 36. Kxg2 Rg8 37. Bf3 Bxd4+ 38. Kf1 Bxe3 39. Qxe3 Rg6 40. Re1 Rxa5 41. Qc3+ Kg8 42. Qxa5 Qf4 43.
Qa8+ Kg7 44. Rxe6 Rxe6 45. Qxb7+ Kh6 46. Qd7 Rf6 47. Qh3+ Kg7 48. Qg2+ Rg6 49. Qh3 Rf6 50. Qg2+ Kh8 51. Nd7 Qc1+ 52. Ke2 Re6+ 53. Kd3 Qc4+ 54. Kd2 Qxa2+ 55. Kd3 Qb3+ 56. Kd2 Qb2+ 57. Kd3 Qb1+ 58. Kd2 Qb2+ 59. Kd3 Qg7 60. Qxg7+ Kxg7 61. Bg4 Rg6 62. f3 Rh6 63. Ke3 Kf7 64. Ne5+ Ke7 65. Kf4 Rf6+ 66.
Kg5 h6+ 67. Kh5 d4 68. Kh4 Kd8 69. Kg3 Kc7 70. f4 Rf8 71. Kf3 Rh8 72. Bh5 Ra8 73. Ke4 Ra4 74. Nd3 Rc4 75. f5 Kd8 76. f6 Rc1 77. f7 Ke7 78. Nf4 Rf1 79. Bg4 Kxf7 80. Bh5+ Kg7 81. Ne6+ Kf6 82. Nxd4 Rh1 83. Bf3 Rc1 84.
Nxc6 Rxc5 85. Nd4 Re5+ 86. Kf4 h5 87. Ne2 Rf5+ 88. Kg3 Rxf3+ 89. Kxf3 h4 90. Kg2 h3+ 91. Kxh3 1/2-1/2

[Event "Early-Titled-Tuesday-Blitz-April-02-2024"]
[Site "Chess.com"]
[Date "2024.04.02"]
[Round "5"]
[White "mary-sanna"]
[Black "ChessSwole"]
[Result "1/2-1/2"]
[WhiteElo "2230"]
[BlackElo "2686"]
[TimeControl "180+1"]
[EndTime "8:58:23 PDT"]
[Termination "Game drawn by 50-move rule"]

1. d4 d5 2. Nc3 Nf6 3. Bf4 e6 4. Nb5 Bb4+ 5. c3 Ba5 6. b4 Bb6 7. a4 a5 8. e3 O-O 9. Nf3 Ne4 10.
Qc2 c6 11. Na3 Nxc3 12. Qxc3 axb4 13. Qb3 bxa3 14. Rxa3 Ba5+ 15. Nd2 Nd7 16. Bd6 Re8 17. Bb4 e5 18. dxe5 Nxe5 19. Be2 Bg4 20. Bxg4 Nxg4 21. O-O c5 22. Bxa5 Qxa5 23. Nf3 c4 24. Qxb7 Rab8 25. Qd7 Nf6 26. Qf5 Qb4 27. Raa1 c3 28. Nd4 Ra8 29.
Qc2 Qc4 30. Rfc1 Rec8 31. a5 Ne4 32. h4 h6 33. Nf5 Qb4 34. Qd3 Rd8 35. a6 Qc4 36. Qxc4 dxc4 37. f3 Nc5 38. Rxc3 Nb3 39. Ra4 Rd1+ 40. Kh2 Nd2 41. Nd4 Re1 42. e4 Rb1 43. a7 Rb7 44. Nc6 Rc7 45. Ra6 Kf8 46.
Kg3 Ke8 47. Kf2 Kd7 48. Ne5+ Ke7 49. Nc6+ Ke8 50. Ke3 Nb3 51. Rxc4 f6 52. Rc3 Kd7 53. Rxb3 Rxc6 54. Rxc6 Kxc6 55. Rc3+ Kd7 56. Rd3+ Kc6 57. h5 Rxa7 58. Kf4 Ra2 59. g4 Ra7 60. Rd8 Kc7 61.
Rg8 Kd6 62. Kf5 Ra5+ 63. Kg6 Ra3 64. Rxg7 Rxf3 65. Kxh6 Ke6 66. Rg6 Ke5 67. Kg7 Rg3 68. h6 Rh3 69. h7 Kxe4 70. h8=Q Rxh8 71. Kxh8 f5 72. gxf5 Kxf5 73. Rg8 Kf6 74. Rg1 Ke7 75. Kh7 Kf6 76. Rg2 Kf5 77. Kh6 Kf4 78. Rg6 Ke3 79. Kh5 Kf3 80. Rg5 Kf4 81. Kh4 Kf3 82. Rg4 Ke3 83.
Kh3 Kf3 84. Rg5 Kf4 85. Rg8 Kf5 86. Kh4 Kf6 87. Rg5 Kf7 88. Kh5 Kf6 89. Rg4 Ke6 90. Rf4 Ke5 91. Rf2 Ke4 92. Kg4 Ke3 93. Rf4 Kd3 94.
Kf3 Kc3 95. Re4 Kd3 96. Re3+ Kd4 97. Re4+ Kd5 98. Kf4 Kc5 99. Ke5 Kc6 100. Rd4 Kc5 101. Rd1 Kc4 102. Rd5 Kb4 103. Rd6 Kc4 104. Ke4 Kc5 105. Rd3 Kc4 106. Rd1 Kc3 107. Rd4 Kb3 108. Ke3 Kc3 109. Rd3+ Kc4 110. Rd4+ Kc5 111. Ke4 Kb5 112. Kd3 Kc5 113. Kc3 Kb5 114. Rc4 Kb6 115. Kb4 Kb7 116. Rc5 Kb6 117. Rc4 Kb7 118. Kb5 Ka7 119. Rc6 Kb7 120. Rc5 Ka7 121. Kc6 Kb8 122. Rb5+ Kc8 1/2-1/2

[Event "Early-Titled-Tuesday-Blitz-April-02-2024"]
[Site "Chess.com"]
[Date "2024.04.02"]
[Round "5"]
[White "GMKrikor"]
[Black "Suleyman_Chess06"]
[Result "0-1"]
[WhiteElo "2905"]
[BlackElo "2769"]
[TimeControl "180+1"]
[EndTime "8:59:06 PDT"]
[Termination "Suleyman_Chess06 won on time"]

1. Nf3 d5 2. c4 e6 3. d4 Nf6 4.
Nc3 Be7 5. cxd5 exd5 6. Bf4 c6 7. h3 O-O 8. e3 Bf5 9. Nh4 Be6 10. Bd3 Na6 11. Nf3 Nc7 12. O-O Bd6 13. Ne5 h6 14.
Bg3 Qe7 15. Rc1 Nd7 16. f4 f5 17. Ng6 Qf7 18. Nxf8 Rxf8 19. Kh1 Nf6 20. Ne2 Bd7 21. Ng1 Re8 22. Bf2 Ne4 23. Be1 Nf6 24. Qf3 Qe7 25. Bf2 Ne4 26. Bxe4 dxe4 27. Qh5 Nd5 28. Ne2 Be6 29.
Ng3 Rf8 30. a3 Qf6 31. Bg1 a5 32. Qd1 Qg6 33. Qe1 a4 34. Ne2 Ra8 35. Bf2 Nb6 36.
Nc3 Nc4 37. Qe2 Nb6 38. Rfd1 Bb3 39. Re1 Qf7 40. Bg3 Nd5 41. Nxd5 Bxd5 42. Qd2 b5 43. Qf2 h5 44. Bh4 Qe6 45. Bg5 Kf7 46. Rc3 Ke8 47.
Rec1 Kd7 48. Qh4 Rh8 49. Qe1 Bc7 50. R3c2 Rc8 51. Qb4 Qd6 52. Qxd6+ Bxd6 53. Bh4 Rh8 54. Be1 Be7 55. Bb4 Bxb4 56. axb4 Ra8 57. Ra1 Rb8 58. Kh2 Rh8 59. h4 g6 60. Rc5 Rb8 61. Rac1 Kd6 62. R1c3 Rb6 63. Kg3 Ra6 64. Kf2 Rb6 65. Ke1 Ra6 66. Kd2 Rb6 67. Kc1 Ra6 68. Kb1 Rb6 69. Ka1 Ra6 70. Ra3 Rb6 71. Rcc3 Rb8 72. Kb1 Rg8 73. g3 Rf8 74. b3 Bxb3 75. Rcxb3 axb3 76.
Kb2 Rb8 77. Kxb3 Rb7 78. Ra8 Rg7 79. Rd8+ Kc7 80. Re8 Kd6 81. Rf8 Kd7 82. Rh8 Kc7 83. Kc3 Kb6 84. Ra8 Rd7 85. Rg8 Ra7 86. Rxg6 Ra3+ 87.
Kd2 Rb3 88. Rg5 Rxb4 89. Rxf5 Rb2+ 90. Kc3 Re2 91. Rxh5 Rxe3+ 92. Kc2 Rxg3 93. Re5 Rg4 94. h5 Rxf4 95. h6 Rh4 96. Re6 Kc7 97. Rg6 Rh3 98.
Kd2 b4 99. Kc2 Kd7 100. Rf6 Kc7 101. Kb2 Kb7 102. Kc2 Ka6 103. Rxc6+ Kb5 104. Re6 Kc4 105. d5 Rh2+ 106. Kd1 Kxd5 107. Re8 Rxh6 108. Rb8 Kc4 109. Ke2 Rh3 110. Rc8+ Kb3 111. Re8 e3 112. Kd3 Kb2 113. Rg8 b3 114. Rg2+ e2+ 115. Kxe2 Ka2 116. Rg8 b2 0-1

[Event "Early-Titled-Tuesday-Blitz-April-02-2024"]
[Site "Chess.com"]
[Date "2024.04.02"]
[Round "6"]
[White "LiadCuba"]
[Black "Bob_2004"]
[Result "1-0"]
[WhiteElo "2543"]
[BlackElo "2361"]
[TimeControl "180+1"]
[EndTime "9:01:06 PDT"]
[Termination "LiadCuba won by resignation"]

1. d4 Nf6 2. c4 e6 3. Nc3 c5 4. d5 exd5 5. cxd5 d6 6. e4 g6 7. f4 Bg7 8. e5 Nfd7 9. Nb5 dxe5 10. Nd6+ Ke7 11. Nxc8+ Qxc8 12. Nf3 e4 13. Ng5 Re8 14. d6+ Kf8 15. Qd5 Re6 16. Nxe6+ fxe6 17. Qxe6 Nc6 18.
Bc4 1-0

[Event "Early-Titled-Tuesday-Blitz-April-02-2024"]
[Site "Chess.com"]
[Date "2024.04.02"]
[Round "6"]
[White "Mikhail_Bryakin"]
[Black "Sofia_Blokhin"]
[Result "1-0"]
[WhiteElo "2881"]
[BlackElo "2263"]
[TimeControl "180+1"]
[EndTime "9:02:19 PDT"]
[Termination "Mikhail_Bryakin won by resignation"]

1. f4 d5 2. Nf3 c5 3. e3 Nc6 4. b3 e6 5. Bb2 Nf6 6. Be2 Bd6 7. O-O O-O 8. Ne5 Qc7 9. Nxc6 Qxc6 10. Bxf6 gxf6 11. Qe1 f5 12. Qh4 Kh8 13. Qf6+ Kg8 14.
Rf3 Re8 15. Qh6 Kh8 16. Rg3 1-0

[Event "Early-Titled-Tuesday-Blitz-April-02-2024"]
[Site "Chess.com"]
[Date "2024.04.02"]
[Round "6"]
[White "sathvikadiga"]
[Black "KATPAH"]
[Result "1-0"]
[WhiteElo "2566"]
[BlackElo "2662"]
[TimeControl "180+1"]
[EndTime "9:02:40 PDT"]
[Termination "sathvikadiga won by resignation"]

1. e4 e5 2. Nf3 d6 3. Bc4 Be7 4. O-O Nf6 5. d3 O-O 6. c3 Nc6 7. a4 Bg4 8. h3 Bh5 9. Nbd2 d5 10.
exd5 Nxd5 11. Re1 Nb6 12. Bb5 f6 13. Ne4 a6 14. Bxc6 bxc6 15. Ng3 Bg6 16. d4 exd4 17.
Nxd4 c5 18. Nc6 Qxd1 19. Nxe7+ Kf7 20. Rxd1 Kxe7 21. Be3 Nd7 22. Rd5 c6 23. Bxc5+ Nxc5 24. Rxc5 Kd6 25. b4 Rad8 26. Ne2 Rfe8 27. Nd4 Rc8 28. Rd1 Re5 29. Nxc6+ 1-0

[Event "Early-Titled-Tuesday-Blitz-April-02-2024"]
[Site "Chess.com"]
[Date "2024.04.02"]
[Round "6"]
[White "TERMINATOR_PC"]
[Black "cakeuvdort"]
[Result "0-1"]
[WhiteElo "2596"]
[BlackElo "2380"]
[TimeControl "180+1"]
[EndTime "9:02:51 PDT"]
[Termination "cakeuvdort won by resignation"]

1. e4 c6 2. d4 d5 3. e5 Bf5 4. Nf3 e6 5. Be2 Ne7 6. O-O Nc8 7. a4 a5 8. Re1 Be7 9. c4 Nb6 10. b3 Na6 11. Nc3 Nb4 12. Rf1 Bc2 0-1

[Event "Early-Titled-Tuesday-Blitz-April-02-2024"]
[Site "Chess.com"]
[Date "2024.04.02"]
[Round "6"]
[White "Kazmin_Semyon"]
[Black "Suduvasachmatai"]
[Result "1-0"]
[WhiteElo "2608"]
[BlackElo "2316"]
[TimeControl "180+1"]
[EndTime "9:03:12 PDT"]
[Termination "Kazmin_Semyon won by resignation"]

1. e4 c5 2. Nf3 d6 3. d4 cxd4 4.
Nxd4 Nf6 5. Nc3 a6 6. Bg5 e6 7. f4 Be7 8. Qf3 Nbd7 9. O-O-O O-O 10. g4 e5 11. Nf5 exf4 12. Nxe7+ Qxe7 13. Nd5 Qe6 14. Qxf4 Nxe4 15. Nc7 Qg6 16. Be7 Rb8 17. Bd3 Ndc5 18.
Bxf8 Kxf8 19. Bxe4 Nxe4 20. Rde1 Bxg4 21. Rxe4 Rc8 22.
Qxg4 1-0

[Event "Early-Titled-Tuesday-Blitz-April-02-2024"]
[Site "Chess.com"]
[Date "2024.04.02"]
[Round "6"]
[White "Bilan_Danila"]
[Black "tk22h"]
[Result "1-0"]
[WhiteElo "2591"]
[BlackElo "2393"]
[TimeControl "180+1"]
[EndTime "9:03:17 PDT"]
[Termination "Bilan_Danila won by resignation"]

1. d4 Nf6 2. Nf3 g6 3. Bg5 Bg7 4. c3 O-O 5. Nbd2 d5 6. e3 b6 7. Bd3 Bb7 8. Ne5 Nbd7 9. f4 Nxe5 10. fxe5 Ne4 11. Nxe4 dxe4 12. Bc4 Kh8 13. O-O f6 14. exf6 exf6 15. Bf4 f5 16. Kh1 Qe7 17. Qe1 Rad8 18. Qg3 c5 19. Rfd1 Bd5 20. Bb3 Bf6 21. dxc5 Qxc5 22. Be5 Kg8 23. Rxd5 Rxd5 24. Rd1 1-0

[Event "Early-Titled-Tuesday-Blitz-April-02-2024"]
[Site "Chess.com"]
[Date "2024.04.02"]
[Round "6"]
[White "Actuary44"]
[Black "Zq1"]
[Result "0-1"]
[WhiteElo "2508"]
[BlackElo "2616"]
[TimeControl "180+1"]
[EndTime "9:03:21 PDT"]
[Termination "Zq1 won by resignation"]

1. e4 c5 2. d4 cxd4 3. c3 dxc3 4. Nxc3 d6 5. f4 e6 6. Nf3 Nf6 7. Bd3 Be7 8. O-O O-O 9. Kh1 Nc6 10. Qe1 b6 11. Be3 Nb4 12. Bb1 Ba6 13. Rg1 Nd3 14. Qd2 Nc5 15. b4 Ncd7 16. Rd1 Bb7 17. e5 dxe5 18.
fxe5 Ng4 19. Bf4 Bxb4 20. Qc2 g6 21. Ne4 Bxe4 22. Qxe4 Nf2+ 0-1

[Event "Early-Titled-Tuesday-Blitz-April-02-2024"]
[Site "Chess.com"]
[Date "2024.04.02"]
[Round "6"]
[White "Devil_Sun"]
[Black "rionelG"]
[Result "1-0"]
[WhiteElo "2627"]
[BlackElo "2184"]
[TimeControl "180+1"]
[EndTime "9:03:22 PDT"]
[Termination "Devil_Sun won by resignation"]

1. d4 d5 2. c4 e6 3. Nf3 Nf6 4. Nc3 c6 5. e3 Nbd7 6. Be2 dxc4 7. Bxc4 b5 8. Bd3 Bb7 9. O-O a6 10. Bd2 Bd6 11. Rc1 h6 12. Ne4 Nxe4 13. Bxe4 Qb6 14.
Qc2 Rb8 15. Bxc6 Rc8 16. Bxd7+ Kxd7 17. Qd3 Qa7 18. Ne5+ Ke7 19. a3 Qa8 20. f3 Rxc1 21.
Rxc1 Rd8 22. Bb4 f6 23. Rc7+ Kf8 24. Qg6 1-0

[Event "Early-Titled-Tuesday-Blitz-April-02-2024"]
[Site "Chess.com"]
[Date "2024.04.02"]
[Round "6"]
[White "stollenmonster"]
[Black "blitzking1729"]
[Result "0-1"]
[WhiteElo "2902"]
[BlackElo "2779"]
[TimeControl "180+1"]
[EndTime "9:03:25 PDT"]
[Termination "blitzking1729 won by resignation"]

1. e4 e5 2. Nc3 Nf6 3. g3 c6 4. Bg2 d5 5. Nge2 d4 6. Nb1 c5 7. d3 Nc6 8. h3 h6 9. O-O g5 10. f4 gxf4 11. gxf4 Rg8 12. Kh1 Nh5 13. Nd2 exf4 14.
Nf3 Bd6 15. c3 Be6 16. cxd4 cxd4 17. e5 Nxe5 18. Nxe5 Bxe5 19. Qe1 Rxg2 20. Kxg2 Bd5+ 21. Rf3 Qg5+ 0-1

[Event "Early-Titled-Tuesday-Blitz-April-02-2024"]
[Site "Chess.com"]
[Date "2024.04.02"]
[Round "6"]
[White "vladislavkovalev"]
[Black "Andrey_Klymchuk"]
[Result "1-0"]
[WhiteElo "2889"]
[BlackElo "2719"]
[TimeControl "180+1"]
[EndTime "9:03:25 PDT"]
[Termination "vladislavkovalev won by resignation"]

1. e4 c5 2. Nf3 Nc6 3. Bb5 g6 4. Bxc6 bxc6 5. O-O Bg7 6. Re1 Nh6 7. c3 O-O 8. d4 cxd4 9. cxd4 d6 10. h3 f6 11.
Nc3 Nf7 12. Be3 Qa5 13. Rc1 Bd7 14. b3 Qh5 15. Nd2 Qxd1 16. Rexd1 Rfb8 17. Nc4 a5 18. Na4 Ra6 19. Bd2 Rb5 20. Rc2 f5 21. e5 dxe5 22.
dxe5 Rd5 23. Ncb6 Rd3 24. Nxd7 Rxd7 25. Nc5 1-0

[Event "Early-Titled-Tuesday-Blitz-April-02-2024"]
[Site "Chess.com"]
[Date "2024.04.02"]
[Round "6"]
[White "A-Fier"]
[Black "TheBigBoss04"]
[Result "0-1"]
[WhiteElo "2892"]
[BlackElo "2753"]
[TimeControl "180+1"]
[EndTime "9:03:38 PDT"]
[Termination "TheBigBoss04 won by resignation"]

1. d4 Nf6 2. Bg5 c6 3. Bxf6 exf6 4. g3 Qb6 5. b3 h5 6. h4 d5 7. Bh3 Bxh3 8. Nxh3 Bb4+ 9. c3 Bd6 10. e3 Nd7 11. Nd2 f5 12. c4 Bb4 13. c5 Qd8 14. a3 Bxd2+ 15. Qxd2 Nf6 16. Nf4 Ne4 17. Qc2 a5 18. Kf1 g6 19. Kg2 Kf8 20. b4 Kg7 21.
Qb2 Qf6 22. b5 Nxc5 23. Rac1 Ne4 24. bxc6 bxc6 25. Qb6 Rhc8 26. Rc2 Qd6 27. Rhc1 Qxa3 28. Rxc6 Qxc1 29. Rxc1 Rxc1 30. Nxd5 Rc2 31. Qb7 Rac8 32. Kg1 Rc1+ 33. Kg2 R8c2 0-1

[Event "Early-Titled-Tuesday-Blitz-April-02-2024"]
[Site "Chess.com"]
[Date "2024.04.02"]
[Round "6"]
[White "WindWhistler11"]
[Black "frequentblunders"]
[Result "1-0"]
[WhiteElo "2431"]
[BlackElo "2221"]
[TimeControl "180+1"]
[EndTime "9:03:39 PDT"]
[Termination "WindWhistler11 won by resignation"]

1. Nf3 e6 2. g3 c5 3. d3 d6 4. Nbd2 Nf6 5. e4 Be7 6. Bg2 Nc6 7. O-O b5 8. c3 O-O 9. Re1 Rb8 10. d4 e5 11. d5 Na5 12. b4 cxb4 13. cxb4 Nc4 14. Nb3 a5 15. bxa5 Nxa5 16. h3 b4 17. Nfd2 Ba6 18. Nxa5 Qxa5 19. Nb3 Qc7 20. Bd2 g6 21. Rc1 Qb7 22. Na5 Qb5 23. Nc6 Rb7 24. Bf1 Qb6 25. Be3 1-0

[Event "Early-Titled-Tuesday-Blitz-April-02-2024"]
[Site "Chess.com"]
[Date "2024.04.02"]
[Round "6"]
[White "Fengwi"]
[Black "ricaurtelopezj1955"]
[Result "1-0"]
[WhiteElo "2345"]
[BlackElo "2152"]
[TimeControl "180+1"]
[EndTime "9:03:42 PDT"]
[Termination "Fengwi won by resignation"]

1. Nf3 d5 2. b3 c5 3. e3 Nc6 4. Bb2 a6 5. d4 Bg4 6. dxc5 Nf6 7.
a3 e5 8. b4 e4 9. h3 Bh5 10. g4 Nxg4 11. hxg4 Bxg4 12. Be2 exf3 13. Bxf3 Bxf3 14. Qxf3 Qd7 15. Nc3 O-O-O 16. O-O-O Ne7 17. Qxf7 h6 18. Rh5 g5 19. Nxd5 1-0

[Event "Early-Titled-Tuesday-Blitz-April-02-2024"]
[Site "Chess.com"]
[Date "2024.04.02"]
[Round "6"]
[White "Matibar"]
[Black "MasterKroket"]
[Result "1-0"]
[WhiteElo "2733"]
[BlackElo "2560"]
[TimeControl "180+1"]
[EndTime "9:03:44 PDT"]
[Termination "Matibar won by resignation"]

1. e4 e5 2. f4 exf4 3. Qf3 g5 4. h4 Nc6 5. c3 Ne5 6. Qe2 d6 7. d4 Bg4 8. Nf3 Nxf3+ 9. gxf3 Bd7 10. hxg5 Qxg5 11.
Na3 O-O-O 12. Bd2 d5 13. O-O-O Bxa3 14. bxa3 Nf6 15. e5 Nh5 16. Qh2 Ng3 17. Qh4 Nxf1 1-0

[Event "Early-Titled-Tuesday-Blitz-April-02-2024"]
[Site "Chess.com"]
[Date "2024.04.02"]
[Round "6"]
[White "GrotBchess"]
[Black "Refrigerator1955"]
[Result "0-1"]
[WhiteElo "2436"]
[BlackElo "1987"]
[TimeControl "180+1"]
[EndTime "9:03:50 PDT"]
[Termination "Refrigerator1955 won by resignation"]

1. e4 c6 2. d4 d5 3. Nd2 dxe4 4. Nxe4 Nd7 5. Nf3 Ngf6 6. Ng3 e6 7. Bd3 Bd6 8. O-O Qc7 9. Re1 O-O 10. c3 b6 11. Qe2 Bb7 12. Bg5 Ng4 13. Qe4 Ndf6 14.
Bxf6 Nxf6 15. Qh4 h6 16. Ne4 Be7 17. Nxf6+ Bxf6 18. Qe4 g6 19. Qe2 c5 20. dxc5 Qxc5 21. Be4 Bxe4 22. Qxe4 Rad8 23. h3 Kg7 24. Rad1 Rxd1 25. Rxd1 Rd8 26. Rxd8 Bxd8 27. Qb7 Qc7 28.
Qa8 Bf6 29. g3 a5 30. Kg2 h5 31. h4 Qc5 32. Qb7 a4 33. Nd2 a3 34. Ne4 Qd5 35. Qxd5 exd5 36. Nxf6 axb2 37. Ne8+ Kf8 38. Nc7 b1=Q 39. Nxd5 Qxa2 0-1

[Event "Early-Titled-Tuesday-Blitz-April-02-2024"]
[Site "Chess.com"]
[Date "2024.04.02"]
[Round "6"]
[White "Caracal3000"]
[Black "IMchanged"]
[Result "0-1"]
[WhiteElo "2542"]
[BlackElo "2673"]
[TimeControl "180+1"]
[EndTime "9:03:51 PDT"]
[Termination "IMchanged won by resignation"]

1. e4 c6 2. d4 g6 3. c3 d5 4. Nd2 dxe4 5. Nxe4 Nf6 6. Bd3 Bg7 7. Nf3 O-O 8. h3 Nbd7 9. O-O Qc7 10. Bg5 Rd8 11. Re1 Nxe4 12. Rxe4 Nf6 13. Bf4 Qb6 14. Rxe7 Nd5 15. Re4 Bf5 16. Bg5 Bxe4 17. Bxd8 Bxf3 18. Bxb6 Bxd1 19. Bc5 Ba4 20. b3 Bb5 21. c4 Ba6 22. b4 Nf4 23. Bf1 b6 24. Bd6 Bxd4 25. Rd1 Ne6 26.
b5 Bb7 27. Be2 c5 28. Bg4 Rd8 29. Bg3 h5 30. Bf3 0-1

[Event "Early-Titled-Tuesday-Blitz-April-02-2024"]
[Site "Chess.com"]
[Date "2024.04.02"]
[Round "6"]
[White "Aisen1011"]
[Black "nikitakhoroshev"]
[Result "1-0"]
[WhiteElo "2497"]
[BlackElo "2574"]
[TimeControl "180+1"]
[EndTime "9:03:51 PDT"]
[Termination "Aisen1011 won by checkmate"]

1. d4 d5 2. c4 dxc4 3. e4 Nf6 4. e5 Nd5 5. Bxc4 Nb6 6. Bd3 Nc6 7. Ne2 Nb4 8. Be4 f5 9. exf6 exf6 10. Nbc3 Be7 11. a3 N4d5 12. O-O O-O 13. Nf4 Nxf4 14. Bxf4 c6 15.
Qb3+ Kh8 16. Rad1 f5 17. Bf3 Bd6 18. Be5 Re8 19. Qf7 Qe7 20. Bxg7# 1-0

[Event "Early-Titled-Tuesday-Blitz-April-02-2024"]
[Site "Chess.com"]
[Date "2024.04.02"]
[Round "6"]
[White "GMAneta"]
[Black "JaackCamel"]
[Result "0-1"]
[WhiteElo "2486"]
[BlackElo "2186"]
[TimeControl "180+1"]
[EndTime "9:03:51 PDT"]
[Termination "JaackCamel won by resignation"]

1. d4 d5 2. Nf3 e6 3. c4 c6 4. Nc3 dxc4 5. a4 Bb4 6. e3 b5 7.
Bd2 a5 8. axb5 Bxc3 9. Bxc3 cxb5 10. b3 Bb7 11. bxc4 b4 12. Bb2 Nf6 13. Bd3 O-O 14.
O-O Nbd7 15. Qc2 Qc7 16. e4 e5 17. c5 exd4 18. Bxd4 h6 19. e5 Nd5 20. Rfe1 Nf4 21. Bc4 Bxf3 22. gxf3 Qd8 23. c6 Qg5+ 0-1

[Event "Early-Titled-Tuesday-Blitz-April-02-2024"]
[Site "Chess.com"]
[Date "2024.04.02"]
[Round "6"]
[White "GM_Levan_Pantsulaia"]
[Black "SaqoChess_Twitch"]
[Result "1-0"]
[WhiteElo "2884"]
[BlackElo "2685"]
[TimeControl "180+1"]
[EndTime "9:03:54 PDT"]
[Termination "GM_Levan_Pantsulaia won by resignation"]

1. Nf3 d5 2. c4 e6 3. g3 Nf6 4.
b3 Be7 5. Bb2 O-O 6. Bg2 c5 7.
O-O Nc6 8. e3 d4 9. exd4 cxd4 10. Re1 Bc5 11. a3 a5 12. Ne5 Nxe5 13. Rxe5 Nd7 14. Re1 e5 15. d3 Ra6 16. Nd2 Rh6 17. Ne4 Be7 18. Bc1 Rb6 19. Bd2 Ra6 20. b4 axb4 21.
axb4 f5 22. Rxa6 bxa6 23. Nc5 Nxc5 24. bxc5 e4 25. c6 Qd6 26. dxe4 Qxc6 27. exf5 Qc5 28. Bd5+ Kh8 29. g4 Bd6 30. Qa4 Qc7 31. h3 Bh2+ 32. Kg2 Bf4 33. Re8 Bd6 34. Rxf8+ Bxf8 35. Qe8 Qc5 36. Qf7 1-0